 Dungeon Crawl Stone Soup version 0.18-a0-1570-gf60b0ab (webtiles) character file.

4928 M4edhros the Nimble (level 10, -7/54 HPs)
             Began as an Octopode Chaos Knight on Mar 14, 2016.
             Killed by an exploding ball lightning (42 damage)
             ... created by the player character
             ... on level 10 of the Dungeon.
             The game lasted 00:30:36 (24183 turns).

M4edhros the Nimble (Octopode Chaos Knight)        Turns: 24183, Time: 00:30:36

Health: -7/54      AC:  3    Str: 13 (16) XL:     10   Next: 52%
Magic:  10/10      EV: 19    Int: 17 (18) God:    Xom [*.....]
Gold:   368        SH:  8    Dex: 13 (16) Spells: 0 memorised, 9 levels left

rFire  + . .     SeeInvis .     a - +0 spear (chaos)
rCold  . . .     Gourm    .     y - +2 buckler
rNeg   + . .     Faith    .     i - +0 hat
rPois  +         Spirit   .     v - amulet of regeneration
rElec  .         Dismiss  .     p - +2 ring of evasion
rCorr  .         Reflect  .     B - ring of positive energy
SustAt .         Harm     .     C - ring of flight
MR     .....                    G - +4 ring of intelligence
Stlth  ++++++++..               I - ring of protection from fire
                                D - ring of stealth
                                (no ring)
                                (no ring)

@: mighty, very slightly contaminated, not resistant to hostile enchantments,
extraordinarily stealthy
A: almost no armour, amphibious, 8 rings, constrict 8, large bone plates 1,
camouflage 2, frail 2, poison resistance, gelatinous body 1
a: Renounce Religion, Evoke Flight


You were on level 10 of the Dungeon.
You worshipped Xom.
You were a special plaything of Xom.
You were very hungry.

You visited 1 branch of the dungeon, and saw 11 of its levels.

You collected 503 gold pieces.
You spent 135 gold pieces at shops.

Inventory:

Hand Weapons
 a - a +0 spear of chaos (weapon)
 e - a +2 spear of venom
Missiles
 d - 100 sling bullets
 l - 11 bolts of penetration
 m - 184 stones (quivered)
 n - 12 javelins
Armour
 i - a +0 hat (worn)
 y - a +2 buckler (worn)
Jewellery
 p - a +2 ring of evasion (left tentacle)
 v - an amulet of regeneration (around mantle)
 B - a ring of positive energy (right tentacle)
 C - a ring of flight (on tentacle)
 D - a ring of stealth (on tentacle)
 G - a +4 ring of intelligence (on tentacle)
 I - a ring of protection from fire (on tentacle)
Wands
 o - a wand of polymorph (13/24)
 z - a wand of lightning (1/15)
 E - a wand of random effects (24/48)
 F - a wand of polymorph (7/24)
Scrolls
 g - a scroll of enchant armour {unknown}
 j - a scroll of fog {unknown}
 k - 6 scrolls of remove curse
 r - 7 scrolls of identify
 A - a scroll of teleportation
 H - 2 scrolls of immolation {unknown}
Potions
 c - a potion of flight
 q - a potion of agility
 s - 4 potions of brilliance
 u - 4 potions of curing
 w - 3 potions of might
Miscellaneous
 f - a stone of tremors (inert)
Comestibles
 b - 7 bread rations
 h - 6 meat rations
 t - 5 fruits
 x - 2 beef jerkies


   Skills:
 - Level 6.0 Fighting
 + Level 7.7 Polearms
 * Level 10.1 Dodging
 - Level 9.9 Stealth
 - Level 2.2 Shields
 - Level 0.2 Evocations


You had 9 spell levels left.
You didn't know any spells.

Dungeon Overview and Level Annotations

Branches:
Dungeon (11/15)            Temple (0/1) D:7
   Lair: D:8-11         Orc: D:9-12

Altars:
Gozag
Makhleb
Pakellas
Qazlal
Trog
Vehumet
Xom

Shops:
D:4 *

Annotations:
D:6 exclusion: statue
D:10 PeterLawrence's ghost, novice MiFi


Innate Abilities, Weirdness & Mutations

You cannot wear most types of armour.
You are amphibious.
You can wear up to eight rings at the same time.
You can use your tentacles to constrict eight enemies at once.
Your skin blends seamlessly with your surroundings (Stealth).
Your rubbery body absorbs attacks (AC +1).
You are partially covered in large bone plates (AC +2, SH +2).
You are very frail (-20% HP).
Your system is resistant to poisons.


Message History

Your ufetubus hits PeterLawrence's ghost but does no damage. x2
Xom guffaws.
You create some ball lightning!
Your ball lightning explodes!
The blast of lightning engulfs the hill giant.
The hill giant is moderately wounded.
The blast of lightning engulfs your ufetubus.
You kill your ufetubus!
The blast of lightning engulfs your ball lightning.
Your ball lightning completely resists.
The blast of lightning engulfs you!
You hear a screech!
Unknown command.
Unknown command.
Unknown command.
Your ball lightning explodes!
The blast of lightning engulfs you!
Ouch! That really hurt!
You die...
Xom titters!

).........................
###########........H......
#............... #...............
##################...............
.................................
........W...C....................
###############..################
#.@# #(.# ###############..#
..............*.>##########
...........................
.....................##
.....................#
........J............#
...).................#


You could see a friendly ball lightning.

Vanquished Creatures
  A faun (D:7)
  A troll (D:9)
  A blink frog (D:5)
  Sigmund (D:2)
  A steam dragon (D:7)
  4 sky beasts
  3 slaves (D:4)
  A necrophage (D:5)
  2 orc warriors (D:7)
  4 ogres
  A phantom (D:4)
  A boggart (shapeshifter) (D:4)
  4 giant frogs
  A gnoll sergeant (D:7)
  A wyvern skeleton (D:8)
  A scorpion (D:7)
  4 killer bees (D:10)
  A killer bee (shapeshifter) (D:6)
  A howler monkey (D:6)
  3 crimson imps
  9 hounds
  A wasp zombie (D:6)
  3 jellies
  3 orc priests
  A centaur skeleton (D:11)
  A giant frog skeleton (D:4)
  2 iguanas
  Ijyb (D:2)
  Natasha (thrice) (D:3)
  4 orc wizards
  5 worker ants
  A hound skeleton (D:4)
  A howler monkey zombie (D:7)
  A worker ant zombie (D:7)
  7 adders
  9 gnolls
  2 howler monkey skeletons
  2 river rats
  2 shadow imps
  4 oozes
  An adder zombie (D:7)
  4 worms
  4 dart slugs
  6 giant geckos
  27 orcs
  13 giant cockroaches
  10 goblins
  16 hobgoblins
  11 jackals
  2 quokkas
  2 ball pythons (D:2)
  21 bats
  A giant cockroach zombie (D:1)
  7 giant newts
  12 kobolds
  A quokka skeleton (D:7)
  18 rats
255 creatures vanquished.

Vanquished Creatures (collateral kills)
  Pikel (D:4)
  A blink frog (D:5)
  3 ogres
  Dowan (D:4)
  An orc priest (D:3)
  A worker ant (D:4)
  An ooze (shapeshifter) (D:4)
  A dart slug (D:4)
  An orc (D:3)
  A giant cockroach (D:4)
  A goblin (D:1)
  A rat (D:3)
14 creatures vanquished.

Vanquished Creatures (others)
  A ball lightning (D:10)
  A flying skull (D:11)
  A slave (D:4)
  An ogre (D:5)
  A scorpion (D:4)
  A worker ant zombie (D:5)
  A quokka (D:7)
7 creatures vanquished.

Grand Total: 276 creatures vanquished

Notes
Turn   | Place    | Note
--------------------------------------------------------------
     0 | D:1      | M4edhros the Octopode Chaos Knight began the quest for the Orb.
     0 | D:1      | Reached XP level 1. HP: 16/16 MP: 1/1
    99 | D:1      | XOM: harmless Fire miscast
   211 | D:1      | XOM: 4-stop teleportation journey
   244 | D:1      | Reached XP level 2. HP: 21/21 MP: 2/2
   673 | D:1      | XOM: vitrification
   873 | D:1      | XOM: give mutation
   873 | D:1      | Gained mutation: You are partially covered in large bone plates (AC +2, SH +2). [Xom's grace]
  1161 | D:1      | XOM is BORED!
  1161 | D:1      | XOM: mild Conj miscast
  1424 | D:1      | XOM: god gift: stone of tremors
  1457 | D:1      | XOM: swap monsters
  1596 | D:1      | XOM: vitrification
  1958 | D:1      | XOM: scenery: create altars
  1992 | D:1      | Reached XP level 3. HP: 23/26 MP: 3/3
  2095 | D:1      | XOM: god gift: hat {god gift}
  2107 | D:1      | XOM: vitrification
  2938 | D:1      | XOM: 7-stop teleportation journey
  2945 | D:1      | XOM: polymorph jackal -> giant cockroach
  3158 | D:1      | XOM: cast spell 'Necromutation'
  3297 | D:1      | XOM: 3-stop teleportation journey
  3354 | D:1      | XOM: harmless Conj miscast
  4167 | D:1      | XOM: silly message
  4620 | D:1      | Reached skill level 3 in Dodging
  4620 | D:1      | Reached skill level 1 in Stealth
  4734 | D:1      | Reached XP level 4. HP: 28/31 MP: 4/4
  4927 | D:1      | XOM: medium Hex miscast
  5175 | D:1      | XOM: mild Tloc miscast
  5639 | D:2      | XOM: noise
  5990 | D:2      | Noticed Ijyb
  5993 | D:2      | XOM: mild Fire miscast
  6008 | D:2      | Killed Ijyb
  6102 | D:2      | XOM: medium Hex miscast
  6136 | D:2      | XOM: medium Necr miscast
  6280 | D:2      | XOM: noise
  6315 | D:2      | Noticed Sigmund
  6345 | D:2      | Killed Sigmund
  6345 | D:2      | Reached XP level 5. HP: 12/37 MP: 5/5
  6345 | D:2      | Reached XP level 6. HP: 13/43 MP: 6/6
  6366 | D:2      | XOM: 7-stop teleportation journey
  6423 | D:2      | XOM: polymorph hobgoblin -> river rat
  6430 | D:2      | Reached skill level 4 in Dodging
  6639 | D:2      | Reached skill level 5 in Stealth
  6834 | D:1      | XOM: colour smoke trail
  6861 | D:1      | XOM: divination: detect creatures
  7625 | D:2      | XOM: god gift: 26 stones
  8075 | D:2      | Found a faded altar to an unknown god.
  9258 | D:3      | XOM: divination: detect creatures
  9528 | D:3      | XOM: silly message
  9740 | D:3      | XOM: harmless Summ miscast
 10060 | D:3      | Noticed a hell hound
 10060 | D:3      | an ogre changed into a hell hound
 10512 | D:3      | XOM: harmless Conj miscast
 10526 | D:3      | XOM: silly message
 10548 | D:3      | XOM: harmless Divn miscast
 10564 | D:3      | Noticed Natasha
 10573 | D:3      | Killed Natasha
 10680 | D:3      | XOM: harmless Ice miscast
 11008 | D:3      | XOM: harmless Pois miscast
 11087 | D:3      | XOM: cast spell 'Call Canine Familiar'
 11090 | D:3      | Noticed Natasha
 11094 | D:3      | Killed Natasha
 11099 | D:3      | Reached XP level 7. HP: 40/48 MP: 7/7
 11265 | D:3      | Noticed Natasha
 11275 | D:3      | Killed Natasha
 11913 | D:3      | XOM: divination: detect creatures
 11995 | D:3      | XOM: divination: detect creatures
 12446 | D:4      | Noticed Pikel
 13092 | D:4      | Noticed a spriggan
 13098 | D:4      | XOM: cast spell 'Warp Weapon'
 13116 | D:4      | XOM: cast spell 'Summon Mana Viper'
 13131 | D:4      | Killed Pikel
 13131 | D:4      | Reached XP level 8. HP: 48/54 MP: 8/8
 13302 | D:4      | Noticed Duvessa
 13302 | D:4      | Noticed Dowan
 13307 | D:4      | Duvessa changed into Duvessa the ooze
 13315 | D:4      | Killed Dowan
 13343 | D:4      | Found Vuommeu's Assorted Antiques.
 13344 | D:4      | Gained mutation: You evolve. [mutagenic meat]
 13353 | D:4      | Reached skill level 5 in Dodging
 13367 | D:4      | Bought a twisted ivory ring for 135 gold pieces
 13431 | D:4      | Reached skill level 5 in Fighting
 13542 | D:4      | Gained mutation: You are frail (-10% HP). [evolution]
 13544 | D:4      | XOM: give mutations
 13544 | D:4      | Lost mutation: You are frail (-10% HP). [Xom's mischief]
 13544 | D:4      | Gained mutation: You are weak. (Str -2) [Xom's mischief]
 13575 | D:4      | XOM: divination: detect creatures
 13753 | D:4      | Gained mutation: You occasionally shout uncontrollably at your foes. [mutagenic meat]
 13754 | D:4      | Gained mutation: Your mind is acute. (Int +2) [mutagenic meat]
 13755 | D:4      | Gained mutation: You expend magic power (3 MP) to strengthen your wands. [mutagenic meat]
 13756 | D:4      | Lost mutation: Your mind is acute. (Int +2) [mutagenic meat]
 13897 | D:4      | Reached skill level 5 in Polearms
 14171 | D:4      | XOM: medium Tloc miscast
 15107 | D:4      | XOM: noise
 15343 | D:4      | XOM: god gift: blue potion
 15585 | D:4      | XOM: harmless Ice miscast
 15764 | D:4      | XOM: god gift: 11 bolts of penetration
 16109 | D:5      | Entered Level 5 of the Dungeon
 16147 | D:5      | Reached skill level 6 in Dodging
 16154 | D:5      | XOM: 1-stop teleportation journey
 16461 | D:5      | XOM: god gift: 48 gold pieces
 16596 | D:5      | XOM: mild Erth miscast
 16632 | D:5      | Reached XP level 9. HP: 52/61 MP: 9/9
 16696 | D:5      | Found an oddly glowing altar of Pakellas.
 16928 | D:5      | XOM: 1-stop teleportation journey
 17074 | D:5      | XOM: noise
 17221 | D:5      | XOM: enchant monster (good)
 17231 | D:5      | XOM: chaos upgrade
 17295 | D:5      | XOM: mild Trmt miscast
 17302 | D:5      | XOM: destruction
 17728 | D:5      | XOM: summons friendly white imp
 17852 | D:5      | XOM: chaos upgrade
 17884 | D:5      | XOM: colour smoke trail
 17898 | D:5      | XOM: polymorph ogre -> blink frog
 17909 | D:5      | XOM: summons 8 friendly demons
 17911 | D:5      | Reached skill level 1 in Shields
 18195 | D:5      | Reached skill level 7 in Dodging
 18421 | D:6      | XOM: smoke on damage
 18425 | D:6      | XOM: harmless Ice miscast
 18431 | D:6      | XOM: cast spell 'Call Canine Familiar'
 18453 | D:6      | XOM: blink monster(s)
 18567 | D:6      | Gained mutation: Your spells are a little harder to cast, but a little more powerful. [mutagenic meat]
 18568 | D:6      | Lost mutation: You expend magic power (3 MP) to strengthen your wands. [mutagenic meat]
 18602 | D:6      | XOM: harmless Pois miscast
 18647 | D:6      | Found a stormy altar of Qazlal.
 18964 | D:6      | XOM: blink monster(s)
 19432 | D:6      | Found a radiant altar of Vehumet.
 19648 | D:6      | XOM: harmless Hex miscast
 19677 | D:7      | XOM: smoke on damage
 19742 | D:6      | XOM: silly message
 19860 | D:7      | Reached skill level 8 in Dodging
 20001 | D:7      | Gained mutation: You rapidly evolve. [evolution]
 20237 | D:7      | XOM: colour smoke trail
 20254 | D:7      | XOM: cast spell 'Spider Form'
 20338 | D:7      | Lost mutation: Your spells are a little harder to cast, but a little more powerful. [mutagenic meat]
 20339 | D:7      | Gained mutation: You are partially covered in iridescent scales (AC +4). [mutagenic meat]
 20342 | D:7      | Gained mutation: Your spells are a little harder to cast, but a little more powerful. [mutagenic meat]
 20395 | D:7      | Found a staircase to the Ecumenical Temple.
 20435 | D:7      | XOM: divination: detect items
 20904 | D:7      | XOM: potion effect (brilliance)
 20936 | D:7      | Found an opulent altar of Gozag.
 21031 | D:7      | XOM: potion effect (invisibility)
 21049 | D:7      | Reached XP level 10. HP: 68/68 MP: 10/10
 21160 | D:7      | XOM: divination: detect items
 21176 | D:7      | Found a bloodstained altar of Trog.
 21219 | D:7      | Reached skill level 9 in Dodging
 21364 | D:7      | XOM: harmless Necr miscast
 21465 | D:7      | Lost mutation: Your spells are a little harder to cast, but a little more powerful. [evolution]
 21465 | D:7      | Lost mutation: You rapidly evolve. [end of evolution]
 21562 | D:7      | XOM: harmless Trmt miscast
 21781 | D:7      | Found a burning altar of Makhleb.
 21781 | D:7      | Found a shimmering altar of Xom.
 22148 | D:7      | XOM: harmless Air miscast
 22237 | D:7      | Noticed a hill giant
 22248 | D:7      | XOM: divination: detect creatures
 22257 | D:7      | XOM: summons 2 friendly demons
 22264 | D:7      | XOM: summons 4 friendly demons
 22293 | D:7      | XOM: divination: detect creatures
 22304 | D:7      | XOM: cast spell 'Dragon Form'
 22305 | D:7      | XOM: confuse monster(s)
 22309 | D:7      | XOM: confuse monster(s)
 22314 | D:7      | XOM: summons friendly shadow imp
 22317 | D:7      | XOM: potion effect (berserk rage)
 22321 | D:7      | XOM: summons friendly quasit
 22330 | D:7      | Noticed a faun
 22330 | D:7      | a hill giant changed into a faun
 22330 | D:7      | XOM: polymorph hill giant -> faun
 22331 | D:7      | XOM: cast spell 'Ring of Flames'
 22341 | D:7      | XOM: cast spell 'Confusing Touch'
 22354 | D:7      | Killed a faun
 22664 | D:9      | XOM: give mutations
 22664 | D:9      | Gained mutation: Your system is resistant to poisons. [Xom's grace]
 22664 | D:9      | Gained mutation: Your skin blends seamlessly with your surroundings (Stealth). [Xom's grace]
 22664 | D:9      | Gained mutation: You are mostly covered in large bone plates (AC +3, SH +3). [Xom's grace]
 22669 | D:9      | XOM: cast spell 'Spider Form'
 22691 | D:9      | XOM: enchant monster (good)
 22716 | D:9      | XOM: fake destruction
 22889 | D:9      | XOM: harmless Erth miscast
 22972 | D:10     | Entered Level 10 of the Dungeon
 22982 | D:10     | Noticed a hill giant
 22989 | D:10     | XOM: harmless Tloc miscast
 23015 | D:10     | Reached skill level 10 in Dodging
 23076 | D:10     | Noticed PeterLawrence's ghost (novice MiFi)
 23077 | D:10     | XOM: potion effect (heal wounds)
 23101 | D:10     | XOM: potion effect (berserk rage)
 23128 | D:10     | Lost mutation: You are weak. (Str -2) [potion of cure mutation]
 23128 | D:10     | Lost mutation: You occasionally shout uncontrollably at your foes. [potion of cure mutation]
 23128 | D:10     | Lost mutation: Your system is resistant to poisons. [potion of cure mutation]
 23128 | D:10     | Lost mutation: You evolve. [potion of cure mutation]
 23128 | D:10     | Lost mutation: You are mostly covered in large bone plates (AC +3, SH +3). [potion of cure mutation]
 23255 | D:10     | XOM: harmless Necr miscast
 23256 | D:10     | XOM: potion effect (brilliance)
 23289 | D:10     | XOM: harmless Air miscast
 23291 | D:10     | XOM: potion effect (invisibility)
 23381 | D:10     | XOM: butterfly on damage
 23385 | D:10     | XOM: silly message
 23399 | D:10     | XOM: harmless Ice miscast
 23402 | D:10     | XOM: summons 5 hostile shadow creatures
 23410 | D:11     | XOM: silly message
 23431 | D:11     | XOM: destruction
 23435 | D:11     | XOM: confuse monster(s)
 23446 | D:11     | XOM: confuse monster(s)
 23455 | D:11     | Noticed a necromancer
 23456 | D:11     | XOM: divination: detect creatures
 23479 | D:10     | XOM: destruction
 23480 | D:10     | XOM: summons 10 friendly demons
 23501 | D:10     | XOM: summons 8 friendly demons
 23519 | D:10     | XOM: confusion (+ monsters)
 23523 | D:10     | XOM: fog
 23536 | D:10     | XOM: blink monster(s)
 23551 | D:10     | XOM: silly message
 23566 | D:10     | XOM: swap monsters
 23574 | D:10     | XOM: harmless Trmt miscast
 23579 | D:10     | XOM: summons 3 friendly demons
 23592 | D:10     | XOM: silly message
 23602 | D:10     | XOM: noise
 23609 | D:10     | XOM: medium Erth miscast
 23631 | D:10     | XOM: harmless Pois miscast
 23641 | D:10     | XOM: confusion (+ monsters)
 23642 | D:10     | XOM: cast spell 'Statue Form'
 23656 | D:10     | XOM: summons 3 friendly demons
 23671 | D:10     | XOM: summons 8 friendly demons
 23672 | D:10     | XOM: polymorph ufetubus -> white imp
 23674 | D:10     | XOM: summons friendly crimson imp
 23676 | D:10     | XOM: give mutations
 23676 | D:10     | Lost mutation: You are partially covered in iridescent scales (AC +4). [Xom's mischief]
 23676 | D:10     | Gained mutation: You are frail (-10% HP). [Xom's mischief]
 23676 | D:10     | Gained mutation: You are very frail (-20% HP). [Xom's mischief]
 23676 | D:10     | Gained mutation: Your system is resistant to poisons. [Xom's mischief]
 23683 | D:10     | XOM: mild Trmt miscast
 23687 | D:10     | XOM: enchant monster (good)
 23698 | D:10     | XOM: summons friendly white imp
 23701 | D:10     | XOM: enchant monster (good)
 23713 | D:10     | XOM: confuse monster(s)
 23731 | D:10     | XOM: confuse monster(s)
 23747 | D:10     | XOM: potion effect (invisibility)
 23754 | D:10     | XOM: summons friendly ufetubus
 23778 | D:10     | XOM: enchant monster (good)
 23785 | D:10     | XOM: potion effect (curing)
 23786 | D:10     | XOM: divine lightning (protected)
 23807 | D:10     | XOM: fake destruction
 23872 | D:10     | XOM: potion effect (agility)
 23881 | D:10     | XOM: mild Pois miscast
 23887 | D:10     | XOM: harmless Trmt miscast
 23889 | D:10     | XOM: blink monster(s)
 23893 | D:10     | XOM: silly message
 23903 | D:10     | XOM: potion effect (haste)
 23912 | D:10     | XOM: summons 4 friendly demons
 23928 | D:10     | XOM: potion effect (invisibility)
 23953 | D:10     | XOM: swap monsters
 23970 | D:10     | XOM: summons friendly iron imp
 24002 | D:10     | XOM: mild Erth miscast
 24003 | D:10     | XOM: 1-stop teleportation journey
 24065 | D:10     | XOM: confuse monster(s)
 24095 | D:10     | XOM: confuse monster(s)
 24102 | D:10     | XOM: cast spell 'Hydra Form'
 24105 | D:10     | XOM: confuse monster(s)
 24142 | D:10     | XOM: potion effect (might)
 24144 | D:10     | Noticed a hill giant
 24171 | D:10     | XOM: divination: detect creatures
 24173 | D:10     | XOM: summons friendly shadow imp
 24174 | D:10     | XOM: summons 2 friendly demons
 24181 | D:10     | XOM: cast spell 'Conjure Ball Lightning'
 24183 | D:10     | Killed by an exploding ball lightning

Vault maps used:
D:1:      onia_arrival_larder, minmay_three_crescents
D:2:      ecumenical_altar_1, uniq_sigmund, uniq_iyjb
D:3:      first_bread, uniq_natasha
D:4:      serial_shops, nicolae_shop_overgrown_old_shop, cheibrodos_gnoll_hut,
          uniq_duvessa, uniq_pikel
D:5:      nicolae_overflow_crystal_walls, grunt_ministairs_12
D:6:      lemuel_crystal_altar, vehumet_statue
D:7:      grunt_temple_overflow_champion_of_chaos, lemuel_crystal_altar,
          lemuel_crystal_altar, minmay_temple_entry_grid, minmay_misc_feat_cross
D:8:      wad_cavern_with_rooms, kennysheep_little_box, serial_shops,
          shop_fountains, uniq_erica
D:9:      minmay_lair_entry_lava, serial_shops, shop
D:10:     hangedman_tree_tricks
D:11:     hangedman_screamer, david_orc_3, minmay_misc_feat_roman,
          elyvilon_altar_3

Skill      XL: |  1  2  3  4  5  6  7  8  9 10 |
---------------+-------------------------------+-----
Dodging        | 3 4 6 8 10 | 10.1
Stealth        | 1 4 6 8 9 |  9.9
Polearms       | 4 5 6 7 |  7.7
Fighting       | 4 5 6 |  6.0
Shields        | 2 |  2.2
Evocations     | |  0.2

Action                   |  1- 3 |  4- 6 |  7- 9 | 10-12 || total
-------------------------+-------+-------+-------+-------++-------
Melee: Spear             |    99 |   172 |   452 |   233 ||   956
       Unarmed           |       |       |     6 |    37 ||    43
Evoke: Stone of tremors  |       |     1 |       |     1 ||     2
  Use: Potion            |       |     3 |     5 |     4 ||    12
       Scroll            |       |       |     4 |     3 ||     7
 Stab: Distracted        |     1 |     2 |     5 |     5 ||    13
       Sleeping          |     1 |    20 |    12 |     6 ||    39
       Paralysed         |       |     1 |     5 |       ||     6
       Petrifying        |       |       |     9 |       ||     9
       Confused          |       |       |     1 |     2 ||     3
       Invisible         |       |       |     3 |     6 ||     9
       Petrified         |       |       |     1 |       ||     1
  Eat: Chunk             |    10 |    20 |    44 |     9 ||    83
       Beef jerky        |       |       |       |     2 ||     2
       Pizza             |       |       |       |     1 ||     1
